 Dungeon Crawl Stone Soup version 0.27-a0-594-g2aaa8dbbc2 (webtiles) character file.

Game seed: 9596156908762710030

2604 Azunone the Chucker (level 9, 0/89 HPs)
             Began as a Troll Hunter on Mar 11, 2021.
             Slain by a killer bee (8 damage)
             ... on level 6 of the Dungeon.
             The game lasted 00:22:24 (5713 turns).

Azunone the Chucker (Troll Hunter)                  Turns: 5713, Time: 00:22:24

Health: 0/89       AC:  4    Str: 25    XL:     9   Next: 33%
Magic:  8/8        EV: 11    Int:  7    God:
Gold:   263        SH:  0    Dex: 12    Spells: 8/8 levels left

rFire    + + .     SeeInvis .   C - +2 flail (vorpal)
rCold    . . .     Faith    .   (no shield)
rNeg     . . .     Spirit   .   b - +0 robe
rPois    .         Reflect  .   (helmet restricted)
rElec    .         Harm     .   (no cloak)
rCorr    .         Rampage  .   (gloves unavailable)
Will     .....                  (boots unavailable)
Stlth    +.........             (no amulet)
HPRegen  1.24/turn              r - ring of protection from fire
MPRegen  0.11/turn              (no ring)

@: confused, lethally poisoned (0 -> -2)
A: large, unfitting armour, claws 3, fangs 1, horns 1, fire resistance 1,
regeneration 1, shaggy fur 1, strong 1, tough skin 1
a: no special abilities


You were on level 6 of the Dungeon.
You visited 1 branch of the dungeon, and saw 7 of its levels.

You collected 263 gold pieces.

Inventory:

Hand Weapons
 a - a +0 dire flail
 p - a +0 vorpal mace
 z - a +0 giant club
 C - a +2 vorpal flail (weapon)
Missiles
 e - 35 poisoned darts
 l - 8 atropa-tipped darts
 v - 7 boomerangs (quivered)
 D - 10 large rocks
Armour
 b - a +0 robe (worn)
 d - a scarf of harm
 i - a +2 pair of gloves
Jewellery
 k - a ring of ice
 r - a ring of protection from fire (right claw)
 y - a ring of ice
 E - a ring of flight
Scrolls
 j - 2 scrolls of magic mapping {unknown}
 m - 2 scrolls of teleportation {unknown}
 n - 3 scrolls of immolation
 s - 2 scrolls of blinking {unknown}
 t - a scroll of amnesia {unknown}
 u - 2 scrolls of enchant weapon
 w - a scroll of fog
Potions
 c - a potion of magic
 f - 2 potions of might
 g - a potion of mutation
 h - a potion of curing
 o - a potion of haste {unknown}
 q - a potion of cancellation
 x - a potion of brilliance
 A - 2 potions of degeneration
 F - a potion of attraction


   Skills:
 - Level 5.9 Fighting
 - Level 6.0 Maces & Flails
 - Level 7.3 Throwing
 + Level 4.3 Dodging
 - Level 0.3 Stealth


You had 8 spell levels left.
You didn't know any spells.
Your spell library contained the following spells:

 Spells                   Type           Power      Damage    Failure   Level
 Magic Dart               Conj           0%         1d3       43%         1
 Ensorcelled Hibernation  Hex/Ice        0%         N/A       56%         2
 Searing Ray              Conj           0%         3d3       56%         2
 Dazzling Flash           Conj/Hex       0%         N/A       80%         3
 Mephitic Cloud           Conj/Pois/Air  0%         N/A       80%         3
 Summon Guardian Golem    Hex/Summ       0%         N/A       80%         3
 Fulminant Prism          Conj/Hex       0%         3d6       99%         4
 Iskenderun's Mystic Bla  Conj/Tloc      0%         2d3       99%         4
 Lightning Bolt           Conj/Air       0%         1d11      100%        5
 Silence                  Hex/Air        0%         N/A       100%        5


Dungeon Overview and Level Annotations

Branches:
Dungeon (7/15)
 Temple: D:4-7

Altars:
Elyvilon
Nemelex Xobeh


Innate Abilities, Weirdness & Mutations

You are too large for most types of armour.
You have claws for hands.
Your natural rate of healing is unusually fast.
You are covered in fur. (AC +1)
You have tough skin. (AC +1)
You have very sharp teeth.
You have a pair of small horns on your head.
Your flesh is heat resistant. (rF+)
Your muscles are strong. (Str +2)


Message History

The killer bee completely misses you.
The orc wizard gestures at you while chanting.
You are more confused.
You feel sick. The killer bee barely misses you.
The killer bee stings you but does no damage.
The orc wizard closely misses you.
You closely miss the orc wizard. Your bite misses the orc wizard.
You feel sick. The killer bee stings you. x2
You are more poisoned.
The killer bee poisons you! The orc wizard misses you.
The killer bee closely misses you.
You hit the orc wizard. Your headbutt misses the orc wizard.
The orc wizard is moderately wounded.
You feel sick. The killer bee stings you! The orc wizard closely misses you.
The killer bee stings you but does no damage.
You closely miss the orc wizard.
The orc wizard is moderately wounded.
You feel sick. The killer bee stings you.
You are more poisoned.
The killer bee poisons you!
The orc wizard hits you with a +0 dagger.
The killer bee stings you.
You are more poisoned.
The killer bee poisons you!
You closely miss the killer bee.
The killer bee is heavily wounded.
You feel very sick. The killer bee stings you!
* * * LOW HITPOINT WARNING * * *
The orc wizard casts a spell at you.
You easily resist.
The killer bee stings you.
* * * LOW HITPOINT WARNING * * *
You feel sick. The killer bee stings you.
* * * LOW HITPOINT WARNING * * *
You're too confused to move!
You feel sick. The killer bee misses you.
The orc wizard hits you but does no damage.
The killer bee misses you.
You feel very sick. The killer bee stings you!
You die...

#..#.................#
#......
#..#.................#
#......
#..#.................#
#......
#..#..........(......#
####'##
#..#.................#
#.....#
#..#.................#
#.....#
#..#.................#
#)....#
#..#........>....#####
####'##
#..#.........y@>.#
##....#
#..#.....[...o...#
#......
#..#.............#
#......
#..#....(........#
##....#
#..#.............#####
##....#
#.[#...<.............#
#......
#..#.................#
#......
#..#.................#
#......
#..#.................#
##'####


You could see a killer bee and an orc wizard.

Vanquished Creatures
  A two-headed ogre (D:4)
  Grinder (D:5)
  Sigmund (D:2)
  Edmund (D:6)
  A water moccasin (D:5)
  2 orc warriors
  A black bear (D:6)
  2 ogres (D:4)
  A centaur (D:6)
  2 bullfrogs
  A howler monkey (D:4)
  A hound (D:4)
  3 jellies (D:2)
  An orc priest (D:5)
  An iguana (D:4)
  5 orc wizards
  Natasha (thrice) (D:4)
  4 worker ants
  2 hound skeletons (D:4)
  6 adders
  A white imp (D:5)
  13 oozes
  An adder zombie (D:5)
  An adder skeleton (D:5)
  4 dart slugs (D:1)
  5 leopard geckos
  17 orcs
  A ball python (D:1)
  8 bats
  3 goblins
  5 hobgoblins
  3 quokkas
  A ball python skeleton (D:4)
  7 frilled lizards
  14 kobolds
  A leopard gecko skeleton (D:4)
  7 rats
132 creatures vanquished.

Vanquished Creatures (others)
  A quokka (D:6)
  2 fungi (D:2)
  A plant (D:1)
  12 toadstools (D:2)
16 creatures vanquished.

Grand Total: 148 creatures vanquished

Notes
Turn   | Place    | Note
-------+----------+-------------------------------------------
     0 | D:1      | Azunone the Troll Hunter began the quest for the Orb.
     0 | D:1      | Reached XP level 1. HP: 19/19 MP: 0/0
   213 | D:1      | Reached XP level 2. HP: 28/28 MP: 1/1
   358 | D:1      | Reached skill level 4 in Throwing
   397 | D:1      | Reached XP level 3. HP: 29/35 MP: 2/2
   860 | D:2      | Reached skill level 1 in Maces & Flails
  1309 | D:2      | Reached XP level 4. HP: 44/44 MP: 3/3
  1342 | D:2      | Reached XP level 5. HP: 52/52 MP: 4/4
  1454 | D:2      | Noticed Sigmund
  1459 | D:2      | Killed Sigmund
  1460 | D:2      | Reached skill level 5 in Throwing
  1460 | D:2      | Reached XP level 6. HP: 61/61 MP: 5/5
  2586 | D:4      | Noticed Natasha
  2589 | D:4      | Killed Natasha
  2669 | D:4      | Reached XP level 7. HP: 67/68 MP: 6/6
  2755 | D:4      | Noticed Natasha
  2756 | D:4      | Killed Natasha
  3055 | D:4      | Noticed a two-headed ogre
  3202 | D:4      | Killed a two-headed ogre
  3203 | D:4      | Reached skill level 5 in Fighting
  3203 | D:4      | Reached skill level 5 in Maces & Flails
  3203 | D:4      | Reached skill level 6 in Throwing
  3203 | D:4      | Reached XP level 8. HP: 39/80 MP: 7/7
  3480 | D:4      | Noticed Natasha
  3481 | D:4      | Killed Natasha
  3596 | D:4      | Gained mutation: You have a pair of small horns on your
                  | head. [potion of mutation]
  3596 | D:4      | Gained mutation: You have an increased reservoir of magic.
                  | (+10% MP) [potion of mutation]
  3597 | D:4      | Lost mutation: You have an increased reservoir of magic.
                  | (+10% MP) [potion of mutation]
  3597 | D:4      | Lost mutation: You have a pair of small horns on your head.
                  | [potion of mutation]
  3597 | D:4      | Gained mutation: Your flesh is heat resistant. (rF+)
                  | [potion of mutation]
  3597 | D:4      | Gained mutation: You have very sharp teeth. [potion of
                  | mutation]
  3597 | D:4      | Gained mutation: You have a somewhat thin skeletal
                  | structure. (Dex +2, Stealth) [potion of mutation]
  3623 | D:5      | Entered Level 5 of the Dungeon
  3688 | D:5      | Found a sparkling altar of Nemelex Xobeh.
  3975 | D:5      | Reached skill level 7 in Throwing
  4047 | D:5      | Noticed Grinder
  4051 | D:5      | Killed Grinder
  4339 | D:5      | HP: 2/83 [orc warrior/+0 dire flail (23)]
  4463 | D:5      | Reached XP level 9. HP: 87/89 MP: 8/8
  4890 | D:6      | Identified the Catalogue of Air and Execration
  4915 | D:6      | Found a white marble altar of Elyvilon.
  5002 | D:6      | Noticed Edmund
  5015 | D:6      | Killed Edmund
  5297 | D:6      | Lost mutation: You have a somewhat thin skeletal structure.
                  | (Dex +2, Stealth) [potion of mutation]
  5297 | D:6      | Gained mutation: Your muscles are strong. (Str +2) [potion
                  | of mutation]
  5297 | D:6      | Gained mutation: You have a pair of small horns on your
                  | head. [potion of mutation]
  5649 | D:7      | Noticed a two-headed ogre
  5713 | D:6      | Slain by a killer bee

Illustrated notes

Levels and vault maps discovered:
D:1:      minmay_arrival_radiant_lines, layout_rooms, minmay_splitting_lines,
          amcnicky_mini_corridor_feature, serial_bayou_lagoon_b
D:2:      cheibrodos_fertilizer, layout_loops_ring, nrook_campfire, uniq_sigmund
D:3:      layout_basic
D:4:      layout_basic, chequers_serial_rivers_micro_a, uniq_natasha
D:5:      layout_basic, lemuel_round_altar, guppyfry_early_orc_mine,
          uniq_grinder
D:6:      layout_gridville, elyvilon_altar_4, uniq_edmund
D:7:      layout_cave_pools, minmay_temple_entry_offerings, nicolae_benzene_ring

Skill      XL: |  1  2  3  4  5  6  7  8  9 |
---------------+----------------------------+-----
Fighting       | 2 3 5 |  5.9
Throwing       | 4 5 6 7 |  7.3
Maces & Flails | 1 2 3 5 6 |  6.0
Dodging        | 4 |  4.3
Stealth        | |  0.3

Action                   |  1- 3 |  4- 6 |  7- 9 || total
-------------------------+-------+-------+-------++-------
Melee: Short sword       |    23 |       |       ||    23
       Club              |   119 |       |       ||   119
       Mace              |    57 |   120 |   126 ||   303
       Bite              |       |       |    16 ||    16
       Flail             |       |       |    20 ||    20
       Headbutt          |       |       |     1 ||     1
Throw: Large rock        |       |     9 |    38 ||    47
       Dart              |       |     2 |    33 ||    35
       Throwing net      |       |       |     3 ||     3
       Boomerang         |       |       |    20 ||    20
  Use: Scroll            |       |       |    12 ||    12
       Potion            |       |       |     6 ||     6
 Stab: Sleeping          |     1 |       |     4 ||     5
       Distracted        |       |     1 |       ||     1
       Invisible         |       |       |     1 ||     1
Armor: Robe              |    81 |    39 |    35 ||   155
Dodge: Dodged            |   109 |    79 |    95 ||   283

Table legend: (Time is in decaauts)
 A = Elapsed time spent in this place.
 B = Non-inter-level travel time spent in this place.
 C = Inter-level travel time spent in this place.
 D = Time resting spent in this place.
 E = Time spent auto-exploring this place.
 F = Levels seen in this place.
 G = Mean time per level.
                   A        B        C        D        E       F      G
               +--------+--------+--------+--------+--------+-----+--------+
         Total |   5850 |   5618 |    232 |     13 |   4108 |   7 |  835.7 |
       Dungeon |   5850 |   5618 |    232 |     13 |   4108 |   7 |  835.7 |
               +--------+--------+--------+--------+--------+-----+--------+

Top non-repeatable levels by time:
     D:4: 1064 daAuts
     D:6: 1053 daAuts
     D:5: 1016 daAuts
     D:2: 1011 daAuts
     D:3: 897 daAuts
     D:1: 770 daAuts
     D:7: 36 daAuts
